 Dungeon Crawl Stone Soup version 0.31-a0-700-gf13585253f (webtiles) character file.

Game seed: 14846014212100598015

52 qw the Shooter (level 3, -1/23 HPs)
             Began as a Gargoyle Hunter on Sept 7, 2023.
             Slain by a goblin
             ... wielding a +0 dagger
              (3 damage)
             ... on level 2 of the Dungeon.
             The game lasted 00:00:20 (877 turns).

qw the Shooter (Gargoyle Hunter)                     Turns: 877, Time: 00:00:21

Health: -1/23      AC:  6    Str: 14    XL:     3   Next: 85%
Magic:  3/3        EV: 11    Int:  9    God:
Gold:   39         SH:  0    Dex: 15    Spells: 2/2 levels left

rFire   . . .        Y - +0 shortbow
rCold   + . .        (shield currently unavailable)
rNeg    + . .        c - +0 leather armour
rPois   inf          (no helmet)
rElec   +            (no cloak)
rCorr   .            (no gloves)
SInv    .            (no boots)
Will    .....        (no amulet)
Stlth   ++           e - ring of protection from cold
HPRegen 0.23/turn    (no ring)
MPRegen 0.08/turn

%: no passive effects
@: no status effects
A: sickness immunity, AC +3, negative energy resistance 1, electricity
resistance, torment resistance 1, petrification resistance
a: no special abilities


You were on level 2 of the Dungeon.
You visited 1 branch of the dungeon, and saw 2 of its levels.

You collected 39 gold pieces.


Innate Abilities, Weirdness & Mutations

You are immune to sickness and miasma.
Your stone body is resilient. (AC +3)
You are immune to poison.
You resist negative energy. (rN+)
You are resistant to electric shocks. (rElec)
You are resistant to unholy torment.
You are immune to petrification.


   Skills:
 - Level 3.1 Fighting
 + Level 5.0 Ranged Weapons
 - Level 1.5 Dodging
 - Level 1.1 Stealth


You had 2 spell levels left.
You didn't know any spells.
Your spell library was empty.

Inventory:

Hand Weapons
 Y - a +0 shortbow (weapon)
Armour
 c - a +0 leather armour (worn)
Jewellery
 e - a ring of protection from cold (left hand)
Potions
 g - a potion of curing {unknown}
 j - a potion of invisibility {unknown}
 k - a potion of heal wounds {unknown}

Dungeon Overview and Level Annotations

Branches:
Dungeon (2/15)

Altars:

Shops:
D:1 [


Message History

The goblin hits you but does no damage. Terence misses you.
You shoot an arrow. The arrow hits Terence.
Terence is heavily wounded.
Terence barely misses you. The goblin hits you but does no damage.
You shoot an arrow. The arrow hits Terence!
Terence is almost dead.
Terence hits you with a +0 morningstar! The goblin closely misses you.
You shoot an arrow.
The arrow hits Terence but does no damage.
Terence is almost dead.
Terence says, "Rest in peace."
Terence hits you with a +0 morningstar! The goblin barely misses you.
You shoot an arrow.
The arrow hits Terence but does no damage.
Terence is almost dead.
The goblin hits you with a +0 dagger. Terence hits you but does no damage.
The goblin hits you but does no damage. Terence closely misses you.
You shoot an arrow.
The arrow hits Terence but does no damage.
Terence is almost dead.
Terence misses you. The goblin closely misses you.
You shoot an arrow. The arrow barely misses Terence.
The goblin closely misses you. Terence closely misses you.
You shoot an arrow.
The arrow hits Terence but does no damage.
Terence is almost dead.
Terence misses you. The goblin closely misses you.
You shoot an arrow. The arrow barely misses Terence.
Terence closely misses you. The goblin closely misses you.
You shoot an arrow. The arrow hits Terence.
You kill Terence!
The goblin barely misses you.
Your Fighting skill increases to level 3!
You shoot an arrow. The arrow closely misses the goblin.
The goblin hits you with a +0 dagger.
You shoot an arrow. The arrow barely misses the goblin.
The goblin hits you with a +0 dagger. The goblin barely misses you.
You shoot an arrow. The arrow misses the goblin.
The goblin hits you with a +0 dagger.
You die...

#.......# .#.
#.......##...
#............
.##..........#
.........[...#
.............#
.......g.....#
......)@.#
#...##.### .
#.. ...# $.#.
#..#. ... # .#


You could see a goblin.

Vanquished Creatures
  Terence (D:2)
  A dart slug (D:1)
  3 endoplasms (D:1)
  2 giant cockroaches (D:1)
  A goblin (D:1)
  A hobgoblin (D:1)
  4 jackals (D:1)
  3 kobolds (D:1)
  A ball python (D:1)
  2 bats (D:1)
  2 frilled lizards (D:1)
  3 rats (D:1)
24 creatures vanquished.

Notes
Turn   | Place    | Note
-------+----------+-------------------------------------------
     0 | D:1      | qw the Gargoyle Hunter began the quest for the Orb.
     0 | D:1      | Reached XP level 1. HP: 12/12 MP: 1/1
     0 | D:1      | 0 ||| qw: Version: 0.3-a-76-g4403597
     0 | D:1      | 0 ||| qw: Game counter: 462
     0 | D:1      | 0 ||| qw: Melee chars always use a shield: true
     0 | D:1      | 0 ||| qw: God list: Okawaru
     0 | D:1      | 0 ||| qw: Allow faded altars: false
     0 | D:1      | 0 ||| qw: Do Orc after clearing Dungeon:15 true
     0 | D:1      | 0 ||| qw: Do second Lair branch before Depths: true
     0 | D:1      | 0 ||| qw: Lair rune preference: random
     0 | D:1      | 0 ||| qw: Goals: Normal
     0 | D:1      | 0 ||| PLANNING D:1-11
   132 | D:1      | Found Giat Qej's Armour Shoppe.
   143 | D:1      | Reached XP level 2. HP: 17/17 MP: 2/2
   146 | D:1      | 146 ||| SHOPLISTING +0 pair of gloves (45 gold, have 7).
   146 | D:1      | 146 ||| SHOPLISTING +0 ring mail (40 gold, have 7).
   146 | D:1      | 146 ||| SHOPLISTING +1 helmet (115 gold, have 7).
   428 | D:1      | Reached XP level 3. HP: 21/21 MP: 3/3
   572 | D:1      | Found a faded altar of an unknown god.
   738 | D:1      | Reached skill level 5 in Ranged Weapons
   793 | D:1      | 793 ||| UPGRADING to ring of protection from cold.
   794 | D:1      | 794 ||| DROPPING ring of flight.
   795 | D:1      | 795 ||| READING scroll labelled ESY LITALOJY.
   796 | D:1      | 796 ||| READING scroll labelled HOLISINOURGH.
   797 | D:1      | 797 ||| READING scroll labelled OCEFFAIRAR.
   798 | D:1      | 798 ||| READING scroll labelled FIMOISTR BOMORPH.
   799 | D:1      | 799 ||| DROPPING scroll of butterflies.
   857 | D:2      | Noticed Terence
   868 | D:2      | HP: 4/21 [Terence/+0 morningstar (10)]
   874 | D:2      | Killed Terence
   875 | D:2      | Reached skill level 3 in Fighting
   875 | D:2      | HP: 4/23 [goblin/+0 dagger (1)]
   877 | D:2      | Slain by a goblin

Levels and vault maps discovered:
D:1:      wander_arrival_lonely_grave, layout_basic,
          ebering_ecumenical_altar_sacrificial, serial_shops, shop
D:2:      layout_basic, basic_altar, nicolae_concentric_dashed_squares_mild,
          uniq_terence

Skill      XL: |  1  2  3 |
---------------+----------+-----
Ranged Weapons | 5 |  5.0
Fighting       | 3 |  3.1
Dodging        | |  1.5
Stealth        | |  1.1

Action                     || total
---------------------------++-------
   Fire: Shortbow          ||    86
    Use: Scroll            ||     4
 Armour: Leather armour    ||    37
  Dodge: Dodged            ||    39

Table legend:
 A = Non-vault XP
 B = Vault XP
 C = Vault XP percentage of total XP
 D = Non-vault monster count
 E = Vault monster count
 F = Vault count percentage of total count
                 A         B        C        D         E       F
            +---------+---------+-------+---------+---------+-------
      Total |      39 |      36 |  48.0 |      23 |       1 |   4.2
            +---------+---------+-------+---------+---------+-------
        D:1 |      39 |       0 |   0.0 |      23 |       0 |   0.0
        D:2 |       0 |      36 | 100.0 |       0 |       1 | 100.0
            +---------+---------+-------+---------+---------+-------
